Map: World of Sleepers LE

Players

Elazer

  • Race: Zerg Zerg
  • Spawn Location: 7:00

Namshar - Winner!

  • Race: Zerg Zerg
  • Spawn Location: 1:00

VOD

Have the link to the VOD?

Description

Time

  • Played on: Sept. 6, 2019, 5:49 p.m.
  • Length: 7:03
Show
View Real Time Build Order
Export as new Build Order

Elazer Zerg 

Build Orders: Hatch First, Zergling Baneling 

Get SALT Encoding   

  12  0:00  Drone  
  13  0:12  Overlord  
  13  0:16  Drone  
  14  0:31  Drone x2  
  16  0:47  Hatchery  
  15  0:51  Drone  
  15  0:54  Drone  
  17  0:58  Drone  
  18  1:08  Extractor  
  17  1:13  Spawning Pool  
  17  1:15  Drone  
  17  1:19  Drone  
  18  1:27  Drone  
  19  1:38  Drone  
  20  1:49  Drone  
  21  1:59  Queen x2  
  21  2:00  Drone  
  21  2:01  Overlord  
  26  2:08  Metabolic Boost  
  26  2:10  Drone  
  26  2:11  Zergling x2  
  28  2:21  Drone x2  
  30  2:33  Drone, Hatchery  
  30  2:36  Drone  
  31  2:42  Drone  
  31  2:43  Drone  
  33  2:46  Baneling Nest  
  32  2:53  Overlord  
  32  2:55  Drone  
  33  3:05  Drone x2  
  35  3:09  Overlord  
  35  3:10  Drone  
  36  3:15  Zergling x2, Queen, Drone  
  36  3:18  Zergling x4  
  42  3:20  Drone  
  42  3:22  Drone  
  44  3:30  Zergling x2  
  44  3:31  Zergling x2  
  46  3:36  Baneling  
  46  3:38  Baneling x2  
  47  3:41  Zergling x6  
  47  3:44  Overlord  
  47  3:45  Zergling x4  
  47  3:47  Drone x2  
  52  3:54  Overlord  
  52  3:56  Drone x2  
  52  4:00  Lair  
  52  4:01  Extractor  
  53  4:03  Overlord  
  53  4:06  Drone  
  53  4:09  Drone  
  55  4:15  Drone  
  55  4:16  Drone  
  56  4:17  Drone  
  56  4:24  Drone  
  56  4:29  Zergling x12  
  56  4:33  Extractor  
  56  4:35  Roach Warren  
  56  4:37  Evolution Chamber, Overlord  
  53  4:39  Zergling x4  
  53  4:40  Overlord, Zergling x2  
  53  4:44  Baneling x3  
  53  4:45  Zergling x4  
  58  4:47  Baneling x2  
  58  4:51  Overlord  
  58  4:54  Unknown  
  58  4:56  Drone x2  
  58  4:58  Drone  
  60  5:00  Overlord  
  60  5:04  Drone x3  
  60  5:05  Zerg Missile Weapons Level 1  
  63  5:10  Drone x3  
  59  5:23  Drone x7  
  59  5:27  Queen  
  55  5:37  Zergling x10  
  59  5:43  Overlord  
  59  5:46  Roach  
  59  5:47  Roach  
  59  5:49  Roach  
  65  5:51  Roach  
  65  5:54  Roach  
  65  5:56  Roach  
  71  5:59  Roach  
  71  6:01  Roach  
  71  6:03  Roach  
  77  6:06  Roach  
  77  6:08  Roach  
  77  6:10  Roach  
  83  6:12  Roach x2  
  83  6:14  Roach x2  
  87  6:20  Roach x2  
  87  6:24  Roach x2  
  94  6:27  Ravager x2  
  94  6:29  Roach x2  
  88  6:34  Roach x2  
  88  6:36  Roach  
  84  6:40  Roach  
  84  6:43  Roach  
Show
View Real Time Build Order
Export as new Build Order

Namshar Zerg - Winner!

Build Orders: Hatch First, Zergling Baneling 

Get SALT Encoding   

  12  0:00  Drone  
  13  0:12  Overlord  
  13  0:17  Drone  
  14  0:31  Drone x2  
  16  0:48  Hatchery  
  15  0:52  Drone  
  15  0:55  Drone  
  17  0:58  Drone  
  18  1:09  Extractor  
  17  1:14  Spawning Pool  
  17  1:17  Drone  
  17  1:19  Drone  
  18  1:29  Drone  
  19  1:39  Drone  
  20  1:49  Drone  
  21  2:00  Drone, Queen  
  21  2:01  Overlord, Queen  
  26  2:09  Metabolic Boost  
  26  2:11  Drone x2  
  28  2:21  Drone x2  
  30  2:32  Drone x2  
  30  2:36  Hatchery  
  31  2:43  Overlord, Drone  
  32  2:53  Drone  
  32  2:54  Drone  
  34  3:05  Zergling x2  
  34  3:06  Zergling x2  
  34  3:09  Zergling x12  
  42  3:14  Baneling Nest  
  42  3:16  Evolution Chamber  
  42  3:17  Overlord  
  42  3:19  Drone  
  41  3:24  Queen  
  43  3:31  Drone  
  44  3:40  Drone x3  
  47  3:45  Drone x5  
  52  3:49  Drone x2  
  52  3:54  Zerg Missile Weapons Level 1  
  52  3:55  Drone  
  50  3:58  Zergling x2  
  50  4:00  Zergling x2  
  52  4:04  Baneling x2  
  52  4:05  Roach Warren  
  52  4:09  Baneling x2  
  51  4:16  Zergling x2  
  52  4:17  Zergling x6  
  52  4:21  Baneling  
  52  4:22  Zergling x8  
  52  4:23  Zergling x2  
  54  4:28  Baneling  
  54  4:31  Queen, Extractor  
  49  4:33  Drone, Extractor  
  49  4:34  Drone x2  
  49  4:37  Drone x2  
  54  4:40  Overlord  
  54  4:44  Baneling  
  54  4:47  Baneling  
  54  4:48  Baneling  
  54  4:49  Drone x3  
  57  5:10  Roach x4  
  57  5:11  Zergling x2  
  57  5:13  Overlord x3  
  64  5:23  Roach  
  61  5:39  Roach x4  
  61  5:40  Roach x6  
  61  5:41  Zergling x2  
  79  5:47  Roach  
  79  5:48  Baneling  
  79  5:49  Baneling  
  81  5:50  Overlord  
  81  5:52  Zergling x2  
  81  5:53  Zergling x6  
  85  5:57  Overlord  
  85  5:58  Zergling x2  
  85  6:01  Overlord  
  86  6:05  Zergling x4  
  86  6:06  Zergling x2  
  89  6:14  Baneling x2  
  89  6:16  Zergling x6, Ravager  
  89  6:17  Zergling x2  
  90  6:27  Zergling x14  
  90  6:32  Zergling x2  
  90  6:33  Zergling x4  
  88  6:49  Drone x9  
  95  6:55  Ravager x2  
Tags
 
Add a new tag
Caveats
  • Supply blocks, unpowered buildings, or Contaminate may cause inaccurate times.
  • Supply counts are checked every 10 seconds.